TOP OF THE 1ST |
Bloomington Longnecks batting - Pitching for Pawnee ParksNRec : RHP Aiden Dubhghall
|
Pitching: RHP Aiden Dubhghall
|
|
Batting: LHB Henk van Aardschot
|
0-0: Ball 1-0: Ball 2-0: Swinging Strike 2-1: Swinging Strike 2-2: Ball 3-2: Ground out U3 (Groundball, 3)
|
Batting: SHB Benedict Patel
|
0-0: Ball 1-0: Called Strike 1-1: Foul Ball, location: 2F 1-2: SINGLE (Flyball, 7LS)
|
Batting: LHB Richello Mabait
|
0-0: Ball 1-0: Foul Ball, location: 2F 1-1: Foul Ball, location: 2F 1-2: Foul Ball, location: 2F 1-2: SINGLE (Line Drive, 78S) Benedict Patel to second Benedict Patel to third
|
Batting: RHB Yu-shu Tseng
|
0-0: Called Strike 0-1: Called Strike 0-2: Ball 1-2: Ball 2-2: Ball 3-2: Base on Balls Richello Mabait to second
|
Batting: LHB Marshall Willis
|
0-0: Ball 1-0: Called Strike 1-1: DOUBLE (Line Drive, 89S) Benedict Patel scores Richello Mabait scores Yu-shu Tseng to third
|
Batting: RHB Tony Martínez
|
0-0: Called Strike 0-1: Foul Ball, location: 2F 0-2: Ball 1-2: Ball 2-2: SINGLE (Groundball, 34D) Yu-shu Tseng scores Marshall Willis to third Runner from 3rd tries for Home, SAFE, throw made home
|
Batting: RHB Bastiaan Pieterse
|
0-0: Called Strike Tony Martínez steals 2nd base 0-1: Ball 1-1: SINGLE (Groundball, 4MD) Tony Martínez to third Runner from 3rd tries for Home, SAFE, no throw
|
Batting: RHB Jeff Solís
|
0-0: Foul Ball, location: 2F 0-1: Ball 1-1: Ball 2-1: Foul Ball, location: 2F 2-2: Ball 3-2: Fly out, F9 (Flyball, 89M)
|
Batting: RHB Fletcher Megarity
|
0-0: Ball 1-0: Ground out 4-3 (Groundball, 4)
|
Top of the 1st over - 5 runs, 5 hits, 0 errors, 1 left on base; Bloomington 5 - Pawnee 0 |
BOTTOM OF THE 1ST |
Pawnee ParksNRec batting - Pitching for Bloomington Longnecks : RHP Armando González
|
Pitching: RHP Armando González
|
|
Batting: RHB Alan Patterson
|
0-0: Called Strike 0-1: Ball 1-1: Ball 2-1: Ground out 6-3 (Groundball, 6)
|
Batting: RHB Dan Vanblarcom
|
0-0: Ball 1-0: Called Strike 1-1: Fly out, F7 (Flyball, 78XD)
|
Batting: RHB Sinclair Bothof
|
0-0: TRIPLE (Line Drive, 89XD)
|
Batting: RHB Britt Lynch
|
0-0: Called Strike 0-1: Foul Ball, location: 2F 0-2: Ball 1-2: Strikes out swinging
|
Bottom of the 1st over - 0 runs, 1 hit, 0 errors, 1 left on base; Bloomington 5 - Pawnee 0 |
TOP OF THE 2ND |
Bloomington Longnecks batting - Pitching for Pawnee ParksNRec : RHP Aiden Dubhghall
|
Batting: LHB Henk van Aardschot
|
0-0: Ball 1-0: Ball 2-0: Called Strike 2-1: Called Strike 2-2: Foul Ball, location: 2F 2-2: Ball 3-2: Foul Ball, location: 2F 3-2: SINGLE (Groundball, 6) (infield hit)
|
Batting: SHB Benedict Patel
|
0-0: Foul Ball, location: 2F 0-1: Ball 1-1: Ball 2-1: Foul Ball, location: 2F 2-2: Ball 3-2: Foul Ball, location: 2F 3-2: Foul Ball, location: 2F 3-2: Ground out 4-3 (Groundball, 34) Henk van Aardschot to second
|
Batting: LHB Richello Mabait
|
0-0: Ball 1-0: Foul Ball, location: 2F 1-1: Ball 2-1: Ball 3-1: SINGLE (Groundball, P) (infield hit) Henk van Aardschot to third
|
Batting: RHB Yu-shu Tseng
|
0-0: Ball 1-0: Ball 2-0: Ball 3-0: Foul Ball, location: 2F 3-1: Foul Ball, location: 2F 3-2: Foul Ball, location: 2F 3-2: Base on Balls Richello Mabait to second
|
Batting: LHB Marshall Willis
|
0-0: Ball 1-0: Fly out, F8 (Flyball, 8LD) Runner from 3rd tags up, OUT at HOME
|
Top of the 2nd over - 0 runs, 2 hits, 0 errors, 2 left on base; Bloomington 5 - Pawnee 0 |
BOTTOM OF THE 2ND |
Pawnee ParksNRec batting - Pitching for Bloomington Longnecks : RHP Armando González
|
Batting: RHB Gustavo González
|
0-0: Fly out, F4 (Popup, 4)
|
Batting: RHB Chad Silander
|
0-0: Ball 1-0: Fly out, F9 (Flyball, 9LM)
|
Batting: LHB Elmer Hudgins
|
0-0: Ball 1-0: Ball 2-0: Ball 3-0: Base on Balls
|
Batting: SHB Dave Gant
|
0-0: Foul Ball, location: 2F 0-1: Ball 1-1: Swinging Strike 1-2: Strikes out looking
|
Bottom of the 2nd over - 0 runs, 0 hits, 0 errors, 1 left on base; Bloomington 5 - Pawnee 0 |
TOP OF THE 3RD |
Bloomington Longnecks batting - Pitching for Pawnee ParksNRec : RHP Aiden Dubhghall
|
Batting: RHB Tony Martínez
|
0-0: Called Strike 0-1: Called Strike 0-2: Ball 1-2: Ball 2-2: Ball 3-2: Foul Ball, location: 2F 3-2: Strikes out swinging
|
Batting: RHB Bastiaan Pieterse
|
0-0: Called Strike 0-1: Ball 1-1: Called Strike 1-2: Ball 2-2: Ball 3-2: Foul Ball, location: 2F 3-2: Foul Ball, location: 2F 3-2: Fly out, F9 (Flyball, 9LS)
|
Batting: RHB Jeff Solís
|
0-0: Called Strike 0-1: TRIPLE (Line Drive, 78XD)
|
Batting: RHB Fletcher Megarity
|
0-0: Swinging Strike 0-1: Called Strike 0-2: Ball 1-2: Ball 2-2: Strikes out swinging
|
Top of the 3rd over - 0 runs, 1 hit, 0 errors, 1 left on base; Bloomington 5 - Pawnee 0 |
BOTTOM OF THE 3RD |
Pawnee ParksNRec batting - Pitching for Bloomington Longnecks : RHP Armando González
|
Batting: RHB Chip Mullaney
|
0-0: Fly out, F7 (Flyball, 8LS)
|
Pitching: LHP Anaías Pedroza
|
|
Batting: RHB Alan Patterson
|
0-0: Ball 1-0: Fly out, F2 (Popup, 3SF)
|
Batting: RHB Dan Vanblarcom
|
0-0: Called Strike 0-1: Foul Ball, location: 2F 0-2: Ball 1-2: SINGLE (Line Drive, 34D)
|
Batting: RHB Sinclair Bothof
|
0-0: Ball 1-0: Ball 2-0: SINGLE (Line Drive, 4MD) Dan Vanblarcom to second Runner from 2nd tries for 3rd, SAFE, no throw
|
Batting: RHB Britt Lynch
|
0-0: Foul Ball, location: 2F 0-1: Ball 1-1: Ball 2-1: Swinging Strike 2-2: Strikes out swinging
|
Bottom of the 3rd over - 0 runs, 2 hits, 0 errors, 2 left on base; Bloomington 5 - Pawnee 0 |
TOP OF THE 4TH |
Bloomington Longnecks batting - Pitching for Pawnee ParksNRec : RHP Aiden Dubhghall
|
Batting: LHB Henk van Aardschot
|
0-0: Ground out 4-3 (Groundball, 4M)
|
Now at 2B: Iván Rodríguez
|
|
Batting: SHB Benedict Patel
|
0-0: Ball 1-0: Called Strike 1-1: Swinging Strike 1-2: Ball 2-2: Foul Ball, location: 2F 2-2: Foul Ball, location: 2F 2-2: DOUBLE (Groundball, 5L)
|
Batting: LHB Richello Mabait
|
0-0: Foul Ball, location: 2F 0-1: Ball 1-1: Ball 2-1: Reached on error, E6 (Groundball, 6) Benedict Patel scores
|
Pitching: LHP Daniel Ryan
|
|
Batting: RHB Yu-shu Tseng
|
0-0: Foul Ball, location: 2F 0-1: 2-RUN HOME RUN (Line Drive, 7LD), Distance : 378 ft
|
Batting: LHB Marshall Willis
|
0-0: Ball 1-0: Ball 2-0: Ball 3-0: Called Strike 3-1: Base on Balls
|
Batting: RHB Tony Martínez
|
0-0: Called Strike 0-1: Ball 1-1: Ball 2-1: Foul Ball, location: 2F 2-2: SINGLE (Groundball, 56D) Marshall Willis to second
|
Batting: RHB Bastiaan Pieterse
|
0-0: DOUBLE (Line Drive, 78XD) Marshall Willis scores Tony Martínez to third Runner from 3rd tries for Home, SAFE, no throw
|
Batting: RHB Jeff Solís
|
0-0: Ground out 6-3 (Groundball, 6)
|
Batting: RHB Fletcher Megarity
|
0-0: Ball 1-0: Ground out 6-3 (Groundball, 6M)
|
Top of the 4th over - 5 runs, 4 hits, 1 error, 1 left on base; Bloomington 10 - Pawnee 0 |
BOTTOM OF THE 4TH |
Pawnee ParksNRec batting - Pitching for Bloomington Longnecks : LHP Anaías Pedroza
|
Batting: RHB Gustavo González
|
0-0: Foul Ball, location: 2F 0-1: Ball 1-1: Foul Ball, location: 2F 1-2: Fly out, F8 (Flyball, 8RD)
|
Batting: RHB Chad Silander
|
0-0: Ball 1-0: SINGLE (Line Drive, 8LS)
|
Batting: LHB Elmer Hudgins
|
0-0: Ball 1-0: Ball 2-0: Ball 3-0: Base on Balls Chad Silander to second
|
Batting: SHB Dave Gant
|
0-0: Called Strike 0-1: Foul Ball, location: 2F 0-2: Ball 1-2: Strikes out swinging
|
Batting: RHB Chip Mullaney
|
0-0: Fly out, F8 (Flyball, 8RM)
|
Bottom of the 4th over - 0 runs, 1 hit, 0 errors, 2 left on base; Bloomington 10 - Pawnee 0 |
TOP OF THE 5TH |
Bloomington Longnecks batting - Pitching for Pawnee ParksNRec : LHP Daniel Ryan
|
Batting: LHB Henk van Aardschot
|
0-0: Ball 1-0: Ball 2-0: Swinging Strike 2-1: SINGLE (Groundball, 3) (infield hit)
|
Batting: SHB Benedict Patel
|
0-0: Ball 1-0: Ball 2-0: Called Strike 2-1: Fly out, F9 (Flyball, 9LM)
|
Batting: LHB Richello Mabait
|
0-0: Ball 1-0: Ball 2-0: Called Strike 2-1: Swinging Strike 2-2: Fly out, F6 (Popup, 6)
|
Batting: RHB Yu-shu Tseng
|
0-0: Ball 1-0: Ball 2-0: Ball 3-0: Base on Balls Henk van Aardschot to second
|
Batting: LHB Marshall Willis
|
0-0: Called Strike 0-1: Foul Ball, location: 2F 0-2: Ball 1-2: Strikes out looking
|
Top of the 5th over - 0 runs, 1 hit, 0 errors, 2 left on base; Bloomington 10 - Pawnee 0 |
BOTTOM OF THE 5TH |
Pawnee ParksNRec batting - Pitching for Bloomington Longnecks : LHP Anaías Pedroza
|
Batting: RHB Iván Rodríguez
|
0-0: Ball 1-0: Foul Ball, location: 2F 1-1: Ball 2-1: Foul Ball, location: 2F 2-2: SINGLE (Line Drive, 89S)
|
Batting: RHB Dan Vanblarcom
|
0-0: Grounds into double play, 4-6-3 (Groundball, 4M)
|
Batting: RHB Sinclair Bothof
|
0-0: TRIPLE (Flyball, 9D)
|
Batting: RHB Britt Lynch
|
0-0: Called Strike 0-1: Foul Ball, location: 2F 0-2: Ball 1-2: Ground out 1-3 (Groundball, P)
|
Bottom of the 5th over - 0 runs, 2 hits, 0 errors, 1 left on base; Bloomington 10 - Pawnee 0 |
TOP OF THE 6TH |
Bloomington Longnecks batting - Pitching for Pawnee ParksNRec : LHP Daniel Ryan
|
Batting: RHB Tony Martínez
|
0-0: Called Strike 0-1: Ball 1-1: Ball 2-1: Ground out 6-3 (Groundball, 6)
|
Batting: RHB Bastiaan Pieterse
|
0-0: Ball 1-0: Ground out 5-3 (Groundball, 56S)
|
Batting: RHB Jeff Solís
|
0-0: Foul Ball, location: 2F 0-1: SINGLE (Flyball, 7LM)
|
Batting: RHB Fletcher Megarity
|
0-0: Ball 1-0: Ball 2-0: Foul Ball, location: 2F 2-1: Swinging Strike 2-2: Ground out 1-3 (Groundball, 13S)
|
Top of the 6th over - 0 runs, 1 hit, 0 errors, 1 left on base; Bloomington 10 - Pawnee 0 |
BOTTOM OF THE 6TH |
Pawnee ParksNRec batting - Pitching for Bloomington Longnecks : LHP Anaías Pedroza
|
Batting: RHB Gustavo González
|
0-0: Ground out 2-3 (Groundball, 2L)
|
Batting: RHB Chad Silander
|
0-0: Ball 1-0: Ball 2-0: Ball 3-0: Called Strike 3-1: Foul Ball, location: 2F 3-2: Base on Balls
|
Batting: LHB Elmer Hudgins
|
0-0: Foul Ball, location: 2F 0-1: Called Strike 0-2: Ball 1-2: Ball 2-2: Ball 3-2: Strikes out swinging
|
Batting: SHB Dave Gant
|
0-0: Ball 1-0: Ball 2-0: Called Strike 2-1: Foul Ball, location: 2F 2-2: Ball 3-2: Ground out 6-3 (Groundball, 6S)
|
Bottom of the 6th over - 0 runs, 0 hits, 0 errors, 1 left on base; Bloomington 10 - Pawnee 0 |
TOP OF THE 7TH |
Bloomington Longnecks batting - Pitching for Pawnee ParksNRec : LHP Daniel Ryan
|
Batting: LHB Henk van Aardschot
|
0-0: Called Strike 0-1: Foul Ball, location: 2F 0-2: Foul Ball, location: 2F 0-2: SINGLE (Groundball, 4S) (infield hit)
|
Batting: SHB Benedict Patel
|
0-0: Ball 1-0: Ball 2-0: Called Strike 2-1: SINGLE (Line Drive, 6MD) Henk van Aardschot to second
|
Pitching: LHP Luis Cuero
|
|
Batting: LHB Richello Mabait
|
0-0: Called Strike 0-1: Fielders Choice at 2nd, 3-6 (Groundball, 34) Henk van Aardschot to third
|
Batting: RHB Yu-shu Tseng
|
0-0: Ball 1-0: Called Strike 1-1: Ball Richello Mabait is caught stealing 2nd base 2-1: Fly out, F8 (Flyball, 8RM)
|
Top of the 7th over - 0 runs, 2 hits, 0 errors, 1 left on base; Bloomington 10 - Pawnee 0 |
BOTTOM OF THE 7TH |
Pawnee ParksNRec batting - Pitching for Bloomington Longnecks : LHP Anaías Pedroza
|
Batting: RHB Chip Mullaney
|
0-0: Called Strike 0-1: Ball 1-1: Foul Ball, location: 2F 1-2: Fly out, F9 (Flyball, 89S)
|
Pitching: LHP Steve Wortley
|
|
Batting: RHB Iván Rodríguez
|
0-0: Ball 1-0: Foul Ball, location: 2F 1-1: Ground out 6-3 (Groundball, 6)
|
Batting: RHB Dan Vanblarcom
|
0-0: Ball 1-0: SOLO HOME RUN (Flyball, 7D), Distance : 391 ft
|
Batting: RHB Sinclair Bothof
|
0-0: Ball 1-0: Ball 2-0: Foul Ball, location: 2F 2-1: Ball 3-1: Base on Balls
|
Batting: RHB Britt Lynch
|
0-0: Called Strike 0-1: Fly out, F9 (Flyball, 9)
|
Bottom of the 7th over - 1 run, 1 hit, 0 errors, 1 left on base; Bloomington 10 - Pawnee 1 |
TOP OF THE 8TH |
Bloomington Longnecks batting - Pitching for Pawnee ParksNRec : LHP Luis Cuero
|
Batting: LHB Marshall Willis
|
0-0: Called Strike 0-1: Foul Ball, location: 2F 0-2: Ball 1-2: Ball 2-2: Ground out 6-3 (Groundball, 6)
|
Batting: RHB Tony Martínez
|
0-0: Foul Ball, location: 2F 0-1: Called Strike 0-2: Strikes out swinging
|
Batting: RHB Bastiaan Pieterse
|
0-0: Called Strike 0-1: Ball 1-1: Ball 2-1: Foul Ball, location: 2F 2-2: Ball 3-2: Strikes out looking
|
Top of the 8th over - 0 runs, 0 hits, 0 errors, 0 left on base; Bloomington 10 - Pawnee 1 |
BOTTOM OF THE 8TH |
Pawnee ParksNRec batting - Pitching for Bloomington Longnecks : LHP Steve Wortley
|
Now at C: Pacu Martic
|
|
Batting: RHB Gustavo González
|
0-0: Ball 1-0: Foul Ball, location: 2F 1-1: Called Strike 1-2: SINGLE (Groundball, 34D)
|
Pitching: RHP Dermot Eridge
|
|
Batting: RHB Chad Silander
|
0-0: Called Strike 0-1: Ball 1-1: Foul Ball, location: 2F 1-2: Grounds into double play, 6-4-3 (Groundball, 6)
|
Batting: LHB Elmer Hudgins
|
0-0: Swinging Strike 0-1: Ball 1-1: Foul Ball, location: 2F 1-2: DOUBLE (Flyball, 89D)
|
Batting: SHB Dave Gant
|
0-0: SINGLE (Groundball, 34) (infield hit) Elmer Hudgins to third
|
Batting: RHB Chip Mullaney
|
0-0: Ball 1-0: Called Strike 1-1: Fly out, F8 (Flyball, 8RM)
|
Bottom of the 8th over - 0 runs, 3 hits, 0 errors, 2 left on base; Bloomington 10 - Pawnee 1 |
TOP OF THE 9TH |
Bloomington Longnecks batting - Pitching for Pawnee ParksNRec : LHP Luis Cuero
|
Batting: RHB Jeff Solís
|
0-0: Ball 1-0: Fly out, F7 (Flyball, 7LSF)
|
Batting: RHB Fletcher Megarity
|
0-0: Called Strike 0-1: Ground out 4-3 (Groundball, 4)
|
Batting: LHB Henk van Aardschot
|
0-0: Ball 1-0: Foul Ball, location: 2F 1-1: Ball 2-1: Foul Ball, location: 2F 2-2: Foul Ball, location: 2F 2-2: Ball 3-2: SINGLE (Groundball, 34D)
|
Batting: SHB Benedict Patel
|
0-0: SINGLE (Flyball, 9LS) Henk van Aardschot to second Runner from 2nd tries for 3rd, SAFE, no throw
|
Batting: LHB Richello Mabait
|
0-0: Ball 1-0: Foul Ball, location: 2F 1-1: Ball 2-1: Ball 3-1: Ground out 4-3 (Groundball, 4)
|
Top of the 9th over - 0 runs, 2 hits, 0 errors, 2 left on base; Bloomington 10 - Pawnee 1 |
BOTTOM OF THE 9TH |
Pawnee ParksNRec batting - Pitching for Bloomington Longnecks : RHP Dermot Eridge
|
Batting: RHB Iván Rodríguez
|
0-0: Foul Ball, location: 2F 0-1: Ball 1-1: SINGLE (Groundball, 6) (infield hit)
|
Batting: RHB Dan Vanblarcom
|
0-0: Ball 1-0: Ball 2-0: Ball 3-0: Base on Balls Iván Rodríguez to second
|
Batting: RHB Sinclair Bothof
|
0-0: Foul Ball, location: 2F 0-1: Ball 1-1: Grounds into double play, 6-4-3 (Groundball, 56) Iván Rodríguez to third
|
Batting: RHB Britt Lynch
|
0-0: SINGLE (Line Drive, 78S) Iván Rodríguez scores
|
Batting: RHB Gustavo González
|
0-0: Ball 1-0: Called Strike 1-1: Ball 2-1: Ball 3-1: Base on Balls Britt Lynch to second
|
Batting: RHB Chad Silander
|
0-0: Called Strike 0-1: Ball 1-1: Ball 2-1: Ball 3-1: Foul Ball, location: 2F 3-2: Ground out 6-3 (Groundball, 6)
|
Bottom of the 9th over - 1 run, 2 hits, 0 errors, 2 left on base; Bloomington 10 - Pawnee 2 |
|